 Dungeon Crawl Stone Soup version 0.29-a0-555-g3b24f45cc1 (webtiles) character file.

Game seed: 6457747669312212566

39 vulpzor the Ducker (level 3, -4/28 HPs)
             Began as a Merfolk Gladiator on June 8, 2022.
             Slain by a gnoll
             ... wielding a +0 halberd
              (9 damage)
             ... on level 2 of the Dungeon.
             The game lasted 00:04:34 (1211 turns).

vulpzor the Ducker (Merfolk Gladiator)              Turns: 1211, Time: 00:04:35

Health: -4/28      AC:  4    Str: 16    XL:     3   Next: 45%
Magic:  3/3        EV: 13    Int: 12    God:
Gold:   89         SH:  0    Dex: 15    Spells: 2/2 levels left

rFire   . . .      SeeInvis .   i - +8 long sword "Ydevui" {vorpal, rPois Int+5}
rCold   . . .      Faith    .   (no shield)
rNeg    . . .      Spirit   .   b - +0 leather armour
rPois   +          Reflect  .   c - +0 helmet
rElec   .          Harm     .   (no cloak)
rCorr   .          Rampage  .   (no gloves)
Will    .....                   (no boots)
Stlth   +.........              (no amulet)
HPRegen 0.09/turn               (no ring)
MPRegen 0.08/turn               (no ring)

@: no status effects
A: (nimble swimmer 2), mertail
a: no special abilities


You were on level 2 of the Dungeon.
You visited 1 branch of the dungeon, and saw 2 of its levels.

You collected 89 gold pieces.

Inventory:

Hand Weapons
 a - a +0 trident
 i - the +8 long sword "Ydevui" (weapon) {vorpal, rPois Int+5}
   (You found it on level 2 of the Dungeon)

   It inflicts extra damage upon your enemies.
   Int:       It affects your intelligence (+5).
   rPois:     It protects you from poison.
Missiles
 d - 3 throwing nets (quivered)
 e - a javelin
Armour
 b - a +0 leather armour (worn)
 c - a +0 helmet (worn)
 l - a +0 cloak
Scrolls
 g - a scroll of teleportation
 k - 2 scrolls of amnesia
Potions
 f - a potion of berserk rage {unknown}
 h - a potion of brilliance {unknown}
 j - a potion of degeneration {unknown}


   Skills:
 + Level 2.7 Fighting
 * Level 0.5 Long Blades
 - Level 4.5 Polearms
 + Level 2.0 Throwing
 + Level 0.4 Armour
 + Level 4.5 Dodging
 + Level 0.5 Stealth


You had 2 spell levels left.
You didn't know any spells.
Your spell library contained the following spells:

 Spells                   Type           Power      Damage    Failure   Level
 Magic Dart               Conj           0%         1d3       38%         1
 Slow                     Hex            0%         N/A       38%         1
 Searing Ray              Conj           0%         2d4       52%         2
 Confusing Touch          Hex            0%         N/A       77%         3
 Portal Projectile        Hex/Tloc       0%         N/A       77%         3
 Tukima's Dance           Hex            0%         N/A       77%         3
 Vampiric Draining        Necr           0%         2d6       77%         3
 Fulminant Prism          Conj/Hex       0%         3d6       99%         4
 Blade Hands              Tmut           0%         N/A       100%        5


Dungeon Overview and Level Annotations

Branches:
Dungeon (2/15)

Altars:


Innate Abilities, Weirdness & Mutations

((You are very nimble when in or above water. (Stealth+, EV+, Speed+++)))
Your lower body shifts to a powerful aquatic tail in water.


Message History

The bat hits you but does no damage. The worm barely misses you.
Found a cloak.
The bat barely misses you. x2
You slash the worm!
The worm is heavily wounded.
The bat hits you. The worm bites you but does no damage.
The bat barely misses you.
You slash the worm!
You kill the worm!
The bat completely misses you.
You miss the bat. The bat hits you but does no damage.
You barely miss the bat. The bat misses you. The rat closely misses you.
You closely miss the rat. The bat hits you but does no damage.
The rat bites you but does no damage. The rat closely misses you.
You hit the rat.
You kill the rat!
The bat hits you but does no damage. The bat closely misses you.
You slash the bat!
You kill the bat!
You see here a rat corpse.
You see here a +0 ring mail.
A gnoll comes into view. It is wielding a +0 club.
A gnoll comes into view. It is wielding a +0 halberd.
You see here a +0 cloak.
A gnoll comes into view. It is wielding a +0 spear.
The gnoll shouts!
A kobold comes into view. It is wielding a +0 club.
The kobold shouts!
The gnoll shouts!
You see here a +0 cloak.
l - a +0 cloak The kobold throws a stone.
The stone hits you. The gnoll hits you with a +0 club!
The gnoll hits you but does no damage.
The gnoll hits you from afar with a +0 spear.
The gnoll hits you with a +0 club. The gnoll closely misses you.
You slash the gnoll!
You kill the gnoll!
The gnoll hits you from afar with a +0 halberd!
The gnoll hits you from afar with a +0 spear.
* * * LOW HITPOINT WARNING * * *
The gnoll hits you from afar with a +0 halberd!
You die...

.. .# #####.# .### .
..##.# ...
#.######.##.###..# ###
#................# ..
......g#@......... #.
......gK......#.# ##.
.#####.##...#.#.# #..
..........[..## ###..
#.#.#.........####....
#.#.#..####†..........
# #.#..# #.#.####....
.....# #.#.# ###..
..##.. ............


You could see a gnoll and a kobold.

Vanquished Creatures
  A gnoll (D:2)
  A worm (D:2)
  A dart slug (D:1)
  3 endoplasms
  3 giant cockroaches
  A goblin (D:1)
  3 hobgoblins (D:1)
  2 jackals (D:1)
  4 bats
  3 rats
22 creatures vanquished.

Notes
Turn   | Place    | Note
-------+----------+-------------------------------------------
     0 | D:1      | vulpzor the Merfolk Gladiator began the quest for the Orb.
     0 | D:1      | Reached XP level 1. HP: 16/16 MP: 1/1
   166 | D:1      | Reached XP level 2. HP: 23/23 MP: 2/2
   997 | D:2      | Identified the +8 long sword "Ydevui" {vorpal, rPois Int+5}
  1070 | D:2      | Reached XP level 3. HP: 28/28 MP: 3/3
  1211 | D:2      | Slain by a gnoll

Illustrated notes

Levels and vault maps discovered:
D:1:      heliophobic_arrival_battle_scene, layout_basic, minmay_pentomino_z2
D:2:      layout_loops_ring, shapermc_ecumenical_altar_totnotflames

Action                   || total
-------------------------++-------
Melee: Trident           ||    50
       Long sword        ||     9
  Use: Scroll            ||     2
 Stab: Sleeping          ||     2
Armor: Leather armour    ||    35
Dodge: Dodged            ||    84

Table legend: (Time is in decaauts)
 A = Elapsed time spent in this place.
 B = Non-inter-level travel time spent in this place.
 C = Inter-level travel time spent in this place.
 D = Time resting spent in this place.
 E = Time spent auto-exploring this place.
 F = Levels seen in this place.
 G = Mean time per level.
                   A        B        C        D        E       F      G
               +--------+--------+--------+--------+--------+-----+--------+
         Total |   1218 |   1218 |      0 |    275 |    313 |   2 |  609.0 |
       Dungeon |   1218 |   1218 |      0 |    275 |    313 |   2 |  609.0 |
               +--------+--------+--------+--------+--------+-----+--------+

Top non-repeatable levels by time:
     D:1: 965 daAuts
     D:2: 253 daAuts
